[Event "Titled Tuesday Blitz June 20 Late 2023"]
[White "Gerbelli Neto, Eduardo"]
[Black "Barria Santos, Jose Guilherme"]
[WhiteFideId "2103281"]
[BlackFideId "1939300"]
[WhiteElo "2178"]
[BlackElo "2266"]
[Result "1-0"]
[Round "7"]
[TimeControl "180+2"]
[Date "2023.06.20"]
[WhiteClock "0:00:25"]
[BlackClock "0:00:00"]
[Board "117"]

1. e4 e6 2. d4 d5 3. Nc3 c6 4. Nf3 Nd7 5. Bd3 dxe4 6. Nxe4 Ngf6 7. O-O Qc7 8. Qe2 Nxe4 9. Qxe4 Nf6 10. Qe2 Nd5 11. Ne5 Nb4 12. Bc4 Bd6 13. f4 O-O 14. c3 Nd5 15. Bd3 b5 16. Qh5 f5 17. Bd2 a6 18. Rae1 Nf6 19. Qe2 Bb7 20. c4 c5 21. Nf3 Ne4 22. Be3 Bxf4 23. Bxf4 Qxf4 24. Ne5 Qh6 25. Nd7 cxd4 26. Nxf8 Rxf8 27. cxb5 axb5 28. Bxb5 Qf6 29. a4 Qe5 30. a5 Rb8 31. a6 Bd5 32. Bd3 Qd6 33. Ra1 Nc5 34. Bc4 Be4 35. a7 Ra8 36. b4 Nd7 37. Qa2 Kf7 38. Qa6 Nb6 39. Be2 d3 40. Bf3 Qd4+ 41. Kh1 Nc4 42. Bxe4 Qxe4 43. b5 d2 44. b6 Ne3 45. Rg1 d1=Q 46. Raxd1 Nxd1 47. Rxd1 Rd8 48. Rg1 1-0


[Site "https://www.chess.com"]

[Event "Titled Tuesday Blitz June 20 Late 2023"]
[White "Vifleemskaia, Svetlana"]
[Black "Krishnakumar, Sriram"]
[WhiteFideId "4129490"]
[BlackFideId "30915856"]
[WhiteElo "1930"]
[BlackElo "2450"]
[Result "0-1"]
[Round "7"]
[TimeControl "180+2"]
[Date "2023.06.20"]
[WhiteClock "0:00:00"]
[BlackClock "0:00:27"]
[Board "118"]

1. d4 d5 2. c4 c6 3. cxd5 cxd5 4. Bf4 Nf6 5. Nc3 Nc6 6. e3 Bf5 7. Qb3 Na5 8. Qa4+ Bd7 9. Qc2 e6 10. Bd3 Rc8 11. Nf3 Bb4 12. O-O O-O 13. Rac1 h6 14. h3 a6 15. Ne5 Bb5 16. a3 Bxc3 17. bxc3 Qe7 18. Bxb5 axb5 19. Qb2 Nd7 20. Qxb5 Nxe5 21. Bxe5 Nc4 22. a4 Ra8 23. Ra1 Ra5 24. Qb4 Qd7 25. Rfb1 b6 26. Bf4 Rfa8 27. e4 Rxa4 28. Rxa4 Rxa4 29. Qb3 Qc6 30. exd5 exd5 31. Qb5 Qxb5 32. Rxb5 Ra5 33. Rb3 Kf8 34. g4 Ke7 35. Kg2 Kd7 36. Kf3 Kc6 37. h4 Ra3 38. Rxa3 Nxa3 39. Ke2 Kb5 40. Kd3 Nc4 41. Be5 g6 42. h5 gxh5 43. gxh5 Kc6 44. Bf4 Nd6 45. Bxh6 Ne4 46. Be3 Nf6 47. h6 Nh7 48. c4 dxc4+ 49. Kxc4 b5+ 50. Kb4 f5 51. Bf4 Kd5 52. Kxb5 Kxd4 53. Kc6 Ke4 54. Bd2 Kf3 0-1


[Site "https://www.chess.com"]

[Event "Titled Tuesday Blitz June 20 Late 2023"]
[White "Kielinkei"]
[Black "Romero Ruscalleda, Josep"]
[BlackFideId "2231859"]
[WhiteElo "2443"]
[BlackElo "2183"]
[Result "1-0"]
[Round "7"]
[TimeControl "180+2"]
[Date "2023.06.20"]
[WhiteClock "0:00:36"]
[BlackClock "0:00:13"]
[Board "119"]

1. e4 g6 2. d4 Bg7 3. Nc3 d6 4. Be3 a6 5. h4 h5 6. Nh3 Bxh3 7. Rxh3 Nf6 8. f3 b5 9. Qd2 Nbd7 10. O-O-O Nb6 11. e5 Nfd7 12. f4 e6 13. Ne4 Qe7 14. Qd3 Nd5 15. Bd2 N7b6 16. Kb1 Nc4 17. Bc1 O-O 18. Be2 Rab8 19. g4 Nb4 20. Qb3 d5 21. Nc5 a5 22. gxh5 Nc6 23. hxg6 fxg6 24. Qg3 Nxd4 25. Rxd4 Qxc5 26. Rd1 a4 27. Qxg6 Rxf4 28. Bxf4 b4 29. Rg3 Na3+ 30. bxa3 bxa3+ 31. Ka1 Qe7 32. Qxg7+ Qxg7 33. Rxg7+ Kxg7 34. Rg1+ Kh7 35. Bd3+ Kh8 36. Bg5 1-0


[Site "https://www.chess.com"]

[Event "Titled Tuesday Blitz June 20 Late 2023"]
[White "Mazurkiewicz, Michal"]
[Black "Yurasova, Daria"]
[WhiteFideId "1124943"]
[BlackFideId "34146919"]
[WhiteElo "2063"]
[BlackElo "2109"]
[Result "1-0"]
[Round "7"]
[TimeControl "180+2"]
[Date "2023.06.20"]
[WhiteClock "0:00:11"]
[BlackClock "0:00:06"]
[Board "120"]

1. e4 e5 2. Nf3 Nc6 3. Bb5 a6 4. Bxc6 dxc6 5. O-O Bg4 6. h3 h5 7. d3 Qf6 8. Nbd2 g5 9. Nc4 Bxf3 10. Qxf3 Qxf3 11. gxf3 f6 12. h4 g4 13. Kg2 O-O-O 14. Ne3 Bh6 15. fxg4 Bxe3 16. Bxe3 hxg4 17. Rh1 Ne7 18. h5 Rh7 19. Rh4 Rg8 20. Rah1 f5 21. Bc5 f4 22. Bxe7 Rxe7 23. h6 Rh7 24. Rh5 Re8 25. Rg5 Re6 26. Rxg4 Rexh6 27. Rxh6 Rxh6 28. Rg5 Re6 29. Kf3 c5 30. Kg4 Kd7 31. Kf5 Kd6 32. Rg6 Rxg6 33. Kxg6 c4 34. dxc4 Kc5 35. Kf5 Kd4 36. c3+ Kd3 37. Kxe5 f3 38. Kd5 Ke2 39. e5 Kxf2 40. e6 Kg2 41. e7 f2 42. e8=Q f1=Q 43. Qg6+ Kh2 44. Qh7+ Kg2 45. Qg7+ Kh2 46. Qxc7+ Kg2 47. Qg7+ Kh2 48. Qh6+ Kg2 49. Qg5+ Kh2 50. Qh4+ Kg2 51. Qe4+ Kh2 52. Kc5 Qf8+ 53. Kb6 Qf2+ 54. Kxb7 Qxb2+ 55. Kc6 Qxc3 56. c5 Qf6+ 57. Kd7 Qf7+ 58. Qe7 Qf5+ 59. Qe6 Qxc5 60. Qd6+ Qxd6+ 61. Kxd6 Kg3 62. Kc6 Kf4 63. Kb6 Ke5 64. Kxa6 Kd6 65. Kb6 Kd7 66. Kb7 Kd6 67. a4 Kc5 68. a5 Kb5 69. a6 1-0


[Site "https://www.chess.com"]

[Event "Titled Tuesday Blitz June 20 Late 2023"]
[White "Doknjas, Neil"]
[Black "Martinez, Ayelen"]
[WhiteFideId "2617587"]
[BlackFideId "118702"]
[WhiteElo "2152"]
[BlackElo "2074"]
[Result "1-0"]
[Round "7"]
[TimeControl "180+2"]
[Date "2023.06.20"]
[WhiteClock "0:00:43"]
[BlackClock "0:00:06"]
[Board "121"]

1. e4 c5 2. Nf3 d6 3. d4 cxd4 4. Nxd4 Nf6 5. Nc3 a6 6. f3 e5 7. Nb3 Be7 8. Be3 O-O 9. Qd2 Be6 10. O-O-O Qc7 11. g4 Rc8 12. Kb1 d5 13. exd5 Nxd5 14. Nxd5 Bxd5 15. Be2 Bc6 16. Qa5 Nd7 17. Qxc7 Rxc7 18. Na5 Bb5 19. Bxb5 axb5 20. Nb3 g6 21. Rd5 Bf6 22. Rhd1 Nf8 23. Rxb5 Ne6 24. Bb6 Rc6 25. Na5 Rxb6 26. Rxb6 Rxa5 27. Rxb7 Nc5 28. Rb8+ Kg7 29. b4 Na6 30. bxa5 Nxb8 31. Rd6 e4 32. fxe4 Bc3 33. a6 Nxa6 34. Rxa6 Be5 35. h3 f6 36. a4 Kh6 37. Ra7 g5 38. a5 Kg6 39. a6 h5 40. Rb7 Bd4 41. a7 Bxa7 42. Rxa7 1-0


[Site "https://www.chess.com"]

[Event "Titled Tuesday Blitz June 20 Late 2023"]
[White "Ai, Evan"]
[Black "Schut, Han"]
[WhiteFideId "2094770"]
[BlackFideId "1005561"]
[WhiteElo "1963"]
[BlackElo "2024"]
[Result "1-0"]
[Round "7"]
[TimeControl "180+2"]
[Date "2023.06.20"]
[WhiteClock "0:00:23"]
[BlackClock "0:00:08"]
[Board "122"]

1. e4 c5 2. Nf3 d6 3. d4 cxd4 4. Nxd4 Nf6 5. Nc3 a6 6. h3 e6 7. g4 d5 8. e5 Nfd7 9. f4 Qh4+ 10. Ke2 Nc6 11. Nf3 Qd8 12. Be3 Be7 13. Bg2 g5 14. fxg5 Ndxe5 15. Nxe5 Nxe5 16. Qd4 Qc7 17. Bf4 Qc4+ 18. Qxc4 Nxc4 19. b3 Bd6 20. bxc4 Bxf4 21. cxd5 Be5 22. Kd3 O-O 23. Rae1 Bxc3 24. Kxc3 Bd7 25. dxe6 Rfc8+ 26. Kb2 Bxe6 27. Re3 Rab8 28. Rd1 Rc5 29. h4 Rb5+ 30. Kc1 Bxa2 31. Rd4 Rc8 32. Be4 Rb1+ 33. Kd2 Be6 34. Bf5 Rb2 35. Rxe6 Rbxc2+ 36. Bxc2 fxe6 37. Rd7 b5 38. Bxh7+ Kf8 39. g6 1-0


[Site "https://www.chess.com"]

[Event "Titled Tuesday Blitz June 20 Late 2023"]
[White "Sala, Giulia"]
[Black "KorolDimitriy75"]
[WhiteFideId "2840451"]
[WhiteElo "1769"]
[BlackElo "2416"]
[Result "1/2-1/2"]
[Round "7"]
[TimeControl "180+2"]
[Date "2023.06.20"]
[WhiteClock "0:01:59"]
[BlackClock "0:00:32"]
[Board "123"]

1. e4 c5 2. Nf3 d6 3. d4 cxd4 4. Nxd4 Nf6 5. Nc3 g6 6. Be3 Bg7 7. f3 O-O 8. Qd2 Nc6 9. Bc4 Bd7 10. O-O-O Qa5 11. h4 Rfc8 12. Bb3 Ne5 13. h5 Nxh5 14. g4 Nf6 15. Bh6 Bxh6 16. Qxh6 Rxc3 17. bxc3 Qxc3 18. Nf5 Bxf5 19. gxf5 Rc8 20. fxg6 Qa1+ 21. Kd2 Qc3+ 22. Kc1 Qa1+ 23. Kd2 Qc3+ 24. Kc1 1/2-1/2


[Site "https://www.chess.com"]

[Event "Titled Tuesday Blitz June 20 Late 2023"]
[White "Barrionuevo, Pablo"]
[Black "Ionescu, Mihai"]
[WhiteFideId "110566"]
[BlackFideId "1202499"]
[WhiteElo "2212"]
[BlackElo "2279"]
[Result "0-1"]
[Round "7"]
[TimeControl "180+2"]
[Date "2023.06.20"]
[WhiteClock "0:00:50"]
[BlackClock "0:00:21"]
[Board "124"]

1. d4 d5 2. Nf3 Nf6 3. Bg5 Ne4 4. Bh4 c5 5. c3 Qb6 6. Qb3 c4 7. Qc2 Bf5 8. Qc1 e6 9. Nbd2 Nc6 10. Nxe4 Bxe4 11. Nd2 Bg6 12. e4 Be7 13. Bxe7 Nxe7 14. Be2 O-O 15. O-O Qc6 16. exd5 exd5 17. Bf3 b5 18. b3 Rac8 19. bxc4 bxc4 20. Qa3 Nf5 21. g3 Nd6 22. Rfe1 Rfe8 23. Rxe8+ Rxe8 24. Qxa7 Nb5 25. Qa5 Ra8 26. Qb4 Na3 27. Qb2 h6 28. Re1 Kh7 29. Re5 Ra5 30. Rxd5 Rxd5 31. Qxa3 Qd6 32. Nxc4 Qxa3 33. Nxa3 Ra5 34. Nc4 Rxa2 35. Ne5 Bf5 36. g4 Be6 37. d5 Bc8 38. c4 f6 39. Be4+ Kg8 40. Nc6 Bxg4 41. Kg2 Ra3 42. f3 Bd7 43. Nb8 Bc8 44. d6 Ra7 45. c5 f5 46. Bd5+ Kf8 47. c6 Ke8 48. d7+ Kd8 49. dxc8=Q+ Kxc8 50. Nd7 Kc7 51. Nf8 Kd6 52. Be6 Ra8 53. Bxf5 Rxf8 54. Bd7 Rf4 55. Kg3 Rc4 56. f4 Ke7 57. Kg4 Kf6 58. h4 Rc3 59. h5 g6 60. hxg6 Kxg6 61. f5+ Kf6 62. Kf4 h5 63. Ke4 h4 64. Kd4 Rc1 65. Kd5 h3 66. Kd6 h2 67. c7 h1=Q 68. c8=Q Rxc8 69. Bxc8 Qe4 70. Be6 Qe5+ 71. Kc6 Ke7 72. Kb6 Kd6 73. Kb7 Qc5 74. Kb8 Qc7+ 75. Ka8 Kc5 0-1


[Site "https://www.chess.com"]

[Event "Titled Tuesday Blitz June 20 Late 2023"]
[White "Francisco_Ferrari"]
[Black "Sokolov, Andrei"]
[BlackFideId "11600306"]
[WhiteElo "2258"]
[BlackElo "2473"]
[Result "1-0"]
[Round "7"]
[TimeControl "180+2"]
[Date "2023.06.20"]
[WhiteClock "0:01:31"]
[BlackClock "0:00:52"]
[Board "125"]

1. c4 c6 2. Nf3 d5 3. e3 f6 4. d4 Bg4 5. Nc3 e6 6. Qb3 Qb6 7. c5 Qxb3 8. axb3 Bxf3 9. gxf3 e5 10. b4 Nd7 11. b5 Nh6 12. Bd3 Be7 13. b4 O-O 14. bxc6 bxc6 15. b5 exd4 16. exd4 Nf5 17. Bxf5 Nxc5 18. dxc5 Bxc5 19. bxc6 Bb4 20. Bd2 Rfe8+ 21. Kd1 g6 22. Bd7 Bxc3 23. Bxc3 Re7 24. Bxf6 Rf7 25. Be6 1-0


[Site "https://www.chess.com"]

[Event "Titled Tuesday Blitz June 20 Late 2023"]
[White "FuenfgegenWilly"]
[Black "Rodriguez Santiago, Jaime"]
[BlackFideId "3100898"]
[WhiteElo "2409"]
[BlackElo "2025"]
[Result "0-1"]
[Round "7"]
[TimeControl "180+2"]
[Date "2023.06.20"]
[WhiteClock "0:00:18"]
[BlackClock "0:00:10"]
[Board "126"]

1. e4 c6 2. d4 d5 3. Nc3 dxe4 4. Nxe4 Nf6 5. Nxf6+ exf6 6. c3 Bd6 7. Bd3 O-O 8. Ne2 Re8 9. Qc2 h5 10. Be3 Nd7 11. Ng3 Nf8 12. Nxh5 f5 13. O-O-O g6 14. Nf4 g5 15. Nh5 f4 16. Bf5 fxe3 17. Bxc8 Qxc8 18. Nf6+ Kg7 19. Nxe8+ Qxe8 20. fxe3 Qxe3+ 21. Kb1 Re8 22. Rhf1 Bxh2 23. Qf5 Qe4+ 24. Qxe4 Rxe4 25. Kc2 Bg3 26. Kd3 Re7 27. Rf3 Bd6 28. c4 Ne6 29. g3 Kg6 30. Rdf1 Rd7 31. Kc3 a5 32. a3 a4 33. Rf5 Bc7 34. d5 cxd5 35. Rxd5 Re7 36. Rf3 f6 37. Kb4 Be5 38. Rd2 Rc7 39. Kxa4 Rxc4+ 40. Kb5 Rc7 41. b4 Nd4+ 42. Rxd4 Bxd4 43. Rd3 Be5 44. a4 Re7 45. a5 Kf5 46. Kb6 Kg4 47. b5 Bxg3 48. a6 bxa6 49. bxa6 Bf2+ 50. Kc6 f5 51. Rd2 Be3 52. Rg2+ Kf4 53. Rb2 g4 54. Rb7 Re6+ 55. Kb5 g3 56. Rf7 Rg6 57. Kc4 g2 0-1


[Site "https://www.chess.com"]

[Event "Titled Tuesday Blitz June 20 Late 2023"]
[White "dodoucb"]
[Black "Cluke86"]
[WhiteElo "2403"]
[BlackElo "2255"]
[Result "0-1"]
[Round "7"]
[TimeControl "180+2"]
[Date "2023.06.20"]
[WhiteClock "0:00:00"]
[BlackClock "0:00:09"]
[Board "127"]

1. d4 d6 2. c4 Nd7 3. Nc3 e5 4. Nf3 f5 5. Bg5 Be7 6. Bxe7 Qxe7 7. e3 c6 8. Be2 Ngf6 9. O-O O-O 10. b4 e4 11. Nd2 d5 12. Qb3 Qf7 13. a4 b6 14. a5 bxa5 15. Rxa5 Nb6 16. b5 Be6 17. c5 Nc4 18. Nxc4 dxc4 19. Qa3 cxb5 20. Nxb5 Bd5 21. g3 Ng4 22. h3 Nf6 23. Nd6 Qd7 24. Nxc4 f4 25. exf4 Qxh3 26. Ne3 Be6 27. Re1 Nd5 28. Bf1 Qh5 29. Bg2 Rf6 30. c6 Rh6 31. Nxd5 Bxd5 32. Rxd5 Qxd5 33. Bxe4 Qxd4 34. Qb3+ Kh8 35. c7 Rc8 0-1


[Site "https://www.chess.com"]

[Event "Titled Tuesday Blitz June 20 Late 2023"]
[White "Ladan, Nicholas"]
[Black "disciplinedbrat"]
[WhiteFideId "30918855"]
[WhiteElo "2167"]
[BlackElo "2250"]
[Result "1-0"]
[Round "7"]
[TimeControl "180+2"]
[Date "2023.06.20"]
[WhiteClock "0:00:17"]
[BlackClock "0:00:18"]
[Board "128"]

1. e3 e5 2. Nc3 d5 3. Qh5 Qd6 4. Nf3 Nd7 5. Nb5 Qc5 6. Nxe5 Nxe5 7. Qxe5+ Kd8 8. d4 Qc6 9. Nc3 Nf6 10. Bb5 Qe6 11. Qxe6 fxe6 12. O-O c6 13. Bd3 Bd6 14. e4 e5 15. dxe5 Bxe5 16. exd5 Bxc3 17. bxc3 Nxd5 18. c4 Nb4 19. Bg5+ Kc7 20. Bf4+ Kd8 21. Rad1 Nxd3 22. Rxd3+ Ke7 23. Re1+ Kf7 24. Bg5 Be6 25. Rf3+ Kg6 26. Rxe6+ Kxg5 27. h4+ Kxh4 28. Re5 Kg4 29. Rfe3 g6 30. R3e4# 1-0


[Site "https://www.chess.com"]

[Event "Titled Tuesday Blitz June 20 Late 2023"]
[White "Gardezi, Arsal"]
[Black "Fernandez, Maria Florencia"]
[WhiteFideId "30949521"]
[BlackFideId "116459"]
[WhiteElo "1906"]
[BlackElo "2074"]
[Result "1-0"]
[Round "7"]
[TimeControl "180+2"]
[Date "2023.06.20"]
[WhiteClock "0:00:53"]
[BlackClock "0:00:00"]
[Board "129"]

1. Nf3 Nf6 2. d4 g6 3. c4 Bg7 4. Nc3 O-O 5. e4 d6 6. h3 Nc6 7. Be3 e5 8. d5 Ne7 9. g4 c6 10. Qd2 cxd5 11. cxd5 Bd7 12. Bd3 Ne8 13. Rg1 a6 14. a4 b5 15. axb5 axb5 16. Ke2 b4 17. Nb5 Rxa1 18. Rxa1 Qb8 19. Qxb4 Nc7 20. Ra5 Nc8 21. Bd2 Nxb5 22. Bxb5 Bxb5+ 23. Rxb5 Qa7 24. Rb7 Qa6+ 25. Qb5 Qa2 26. Rb8 Qb1 27. Qd3 Qh1 28. Qc4 Ne7 29. Qc7 Rxb8 30. Qxb8+ Bf8 31. Bh6 Nc8 32. Qxc8 1-0


[Site "https://www.chess.com"]

[Event "Titled Tuesday Blitz June 20 Late 2023"]
[White "Golubev, Mikhail"]
[Black "Dimitrijevic, Aleksandra"]
[WhiteFideId "14100983"]
[BlackFideId "929239"]
[WhiteElo "2374"]
[BlackElo "2288"]
[Result "1-0"]
[Round "7"]
[TimeControl "180+2"]
[Date "2023.06.20"]
[WhiteClock "0:00:10"]
[BlackClock "0:01:13"]
[Board "130"]

1. e4 c5 2. Nf3 d6 3. d4 cxd4 4. Nxd4 Nf6 5. Nc3 Nc6 6. Bc4 Qb6 7. Ndb5 a6 8. Be3 Qa5 9. Nd4 g6 10. Bb3 Bg7 11. f3 O-O 12. Qd2 Bd7 13. O-O-O Rfc8 14. h4 Ne5 15. Kb1 Nc4 16. Bxc4 Rxc4 17. Nb3 Qe5 18. Bd4 Qe6 19. Ne2 Nh5 20. Bxg7 Kxg7 21. g4 Nf6 22. h5 Qe5 23. hxg6 fxg6 24. Qh6+ Kg8 25. Nf4 Be8 26. Nd5 Rac8 27. Nxf6+ Qxf6 28. Qxh7+ Kf8 29. g5 Qg7 30. Nd4 Bf7 31. Qh8+ Qxh8 32. Rxh8+ Kg7 33. Rxc8 Rxc8 34. Rh1 b5 35. c3 Rb8 36. b3 a5 37. Kb2 b4 38. c4 a4 39. f4 axb3 40. axb3 e6 41. e5 dxe5 42. fxe5 Rd8 43. Rh4 Bg8 44. Kc2 Kf7 45. Kd3 Ke7 46. c5 Kd7 47. Kc4 Kc7 48. Rh1 Rd5 49. Ra1 Rxe5 50. Ra8 Rxg5 51. Rxg8 Rg1 52. Rg7+ Kc8 53. Nxe6 Rg4+ 54. Kd5 Rg3 55. Kd6 Rd3+ 56. Kc6 1-0


[Site "https://www.chess.com"]

[Event "Titled Tuesday Blitz June 20 Late 2023"]
[White "ArchibaldCerveza29"]
[Black "Sanchez, Robert"]
[BlackFideId "2034360"]
[WhiteElo "2433"]
[BlackElo "2077"]
[Result "1-0"]
[Round "7"]
[TimeControl "180+2"]
[Date "2023.06.20"]
[WhiteClock "0:01:32"]
[BlackClock "0:00:12"]
[Board "131"]

1. e4 e6 2. d4 d5 3. Nd2 Nf6 4. Bd3 c5 5. c3 Nc6 6. Ngf3 cxd4 7. cxd4 dxe4 8. Nxe4 Nxe4 9. Bxe4 Bb4+ 10. Bd2 Bxd2+ 11. Qxd2 O-O 12. h4 f5 13. Bc2 Bd7 14. O-O-O Rc8 15. Kb1 Na5 16. Ne5 Bc6 17. h5 Bd5 18. Rhg1 Nc4 19. Nxc4 Rxc4 20. g4 Rxc2 21. Kxc2 Be4+ 22. Kc1 Qd6 23. Rg3 fxg4 24. Re1 Bf3 25. h6 gxh6 26. Qxh6 Rc8+ 27. Kb1 Rc6 28. Rxf3 gxf3 29. Rg1+ Kf7 30. Qxh7+ Kf6 1-0


[Site "https://www.chess.com"]

[Event "Titled Tuesday Blitz June 20 Late 2023"]
[White "Calhoun, Luke"]
[Black "Prydun, Andriy"]
[WhiteFideId "2064421"]
[BlackFideId "14145898"]
[WhiteElo "2255"]
[BlackElo "2164"]
[Result "1-0"]
[Round "7"]
[TimeControl "180+2"]
[Date "2023.06.20"]
[WhiteClock "0:02:33"]
[BlackClock "0:00:00"]
[Board "132"]

1. e4 c6 2. d4 d5 3. Nd2 dxe4 4. Nxe4 Nd7 5. Nf3 Ngf6 6. Nxf6+ Nxf6 7. Bc4 Bf5 8. Ne5 Bg6 9. Nxg6 hxg6 10. Bf4 e6 11. Qd2 1-0


[Site "https://www.chess.com"]

[Event "Titled Tuesday Blitz June 20 Late 2023"]
[White "zano2023"]
[Black "Lalanne, Pablo"]
[BlackFideId "112151"]
[WhiteElo "2191"]
[BlackElo "2120"]
[Result "1-0"]
[Round "7"]
[TimeControl "180+2"]
[Date "2023.06.20"]
[WhiteClock "0:00:23"]
[BlackClock "0:00:00"]
[Board "133"]

1. d4 Nf6 2. Nd2 d5 3. Ngf3 Bf5 4. e3 e6 5. c4 c6 6. Qb3 Qb6 7. c5 Qc7 8. Bd3 Bxd3 9. Qxd3 b6 10. b4 a5 11. cxb6 Qxb6 12. bxa5 Rxa5 13. a4 Nbd7 14. O-O Bd6 15. Nb3 Qa6 16. Qxa6 Rxa6 17. Ba3 Ke7 18. Rfc1 Rha8 19. a5 Ne4 20. Rc2 Rb8 21. Nbd2 Nxd2 22. Nxd2 Rb5 23. Kf1 Bxa3 24. Rxa3 c5 25. dxc5 Nxc5 26. Rac3 Raxa5 27. g3 g5 28. Nf3 h6 29. Nd4 Rb1+ 30. Kg2 Ne4 31. Rc7+ Kf6 32. f3 Nd6 33. Rd7 Nf5 34. Nxf5 Kxf5 35. Rxf7+ Ke5 36. Rc6 Ra2+ 37. Kh3 Rh1 38. f4+ Ke4 39. Rxe6+ Kd3 40. fxg5 Raxh2+ 41. Kg4 hxg5 42. Kxg5 Rg2 43. g4 Rhg1 44. Rf4 Rg3 45. Re5 Rxe3 46. Rxd5+ Ke2 47. Rdf5 Reg3 48. Rf2+ Ke3 49. R5f4 Rh1 50. Rf1 Rxf1 51. Rxf1 Ke4 52. Kh5 Ke5 53. g5 Rh3+ 54. Kg6 Ra3 55. Kh6 Rh3+ 56. Kg7 Ke6 57. g6 Rh2 58. Re1+ Kf5 59. Rf1+ Ke6 60. Kg8 Ke7 61. g7 Rh3 62. Re1+ Kf6 63. Kf8 Ra3 64. Rf1+ Ke5 65. g8=Q 1-0


[Site "https://www.chess.com"]

[Event "Titled Tuesday Blitz June 20 Late 2023"]
[White "Skaric, Djuro"]
[Black "Torres Dominguez, David"]
[WhiteFideId "934569"]
[BlackFideId "2220857"]
[WhiteElo "2282"]
[BlackElo "1999"]
[Result "1-0"]
[Round "7"]
[TimeControl "180+2"]
[Date "2023.06.20"]
[WhiteClock "0:00:58"]
[BlackClock "0:00:00"]
[Board "134"]

1. g3 d5 2. Bg2 Nc6 3. d3 Bf5 4. Nf3 Qd7 5. O-O O-O-O 6. a4 h5 7. a5 a6 8. Bf4 Bh3 9. Nc3 h4 10. e4 d4 11. Ne2 Bxg2 12. Kxg2 hxg3 13. fxg3 e5 14. Bd2 Qh3+ 15. Kg1 Nf6 16. Rf2 Ng4 17. Rg2 Be7 18. Qf1 Rh7 19. Bg5 f6 20. Bd2 Rdh8 21. Nh4 g5 22. Qf5+ Kb8 23. Ng6 Rg8 24. Rf1 Nxh2 25. Qxh3 Rxh3 26. Nxe7 Nxe7 27. Rxh2 Rxh2 28. Kxh2 Rh8+ 29. Kg2 Ng8 30. Rh1 Rxh1 31. Kxh1 b6 32. g4 Kb7 33. c3 dxc3 34. Bxc3 Kc6 35. d4 exd4 36. Nxd4+ Kd6 37. Nf5+ Kc5 38. Kg2 Kc4 39. Kf3 1-0


[Site "https://www.chess.com"]

[Event "Titled Tuesday Blitz June 20 Late 2023"]
[White "Kornyukov, Alexey"]
[Black "Dmitriev, Sergey"]
[WhiteFideId "4150457"]
[BlackFideId "14101785"]
[WhiteElo "2352"]
[BlackElo "2132"]
[Result "1-0"]
[Round "7"]
[TimeControl "180+2"]
[Date "2023.06.20"]
[WhiteClock "0:00:17"]
[BlackClock "0:00:34"]
[Board "136"]

1. d4 d6 2. c4 g6 3. Nc3 Bg7 4. e4 Nf6 5. f3 O-O 6. Bg5 Nc6 7. Nge2 e5 8. d5 Ne7 9. Qd2 Nd7 10. g4 f6 11. Be3 f5 12. gxf5 gxf5 13. Rg1 f4 14. Bf2 Ng6 15. O-O-O Nh4 16. Bg2 a6 17. Bh1 Nb6 18. b3 Bh3 19. Kb2 Kh8 20. Nc1 a5 21. Nd3 a4 22. Qe1 Ng6 23. Bg2 Bxg2 24. Rxg2 axb3 25. axb3 Qd7 26. Rg4 Ra5 27. h4 Bh6 28. h5 Ne7 29. Bh4 Raa8 30. Qf2 Rg8 31. Bf6+ Bg7 32. Rxg7 Rxg7 33. h6 Rg8 34. hxg7+ Rxg7 35. Rg1 Ng6 36. Qh2 Kg8 37. Bxg7 Kxg7 38. c5 dxc5 39. Nxc5 Qe7 40. Ne6+ Kg8 41. Qh5 Nd7 42. Qf5 Nf6 43. Qxe5 Kf7 44. Qf5 Qd7 45. e5 Ne7 46. Qxf6+ Ke8 47. Qf8# 1-0


[Site "https://www.chess.com"]

[Event "Titled Tuesday Blitz June 20 Late 2023"]
[White "Gyulamiryan-koryun"]
[Black "Nunez V, Gustavo Eduardo"]
[BlackFideId "4403690"]
[WhiteElo "1897"]
[BlackElo "2168"]
[Result "0-1"]
[Round "7"]
[TimeControl "180+2"]
[Date "2023.06.20"]
[WhiteClock "0:00:00"]
[BlackClock "0:01:01"]
[Board "137"]

1. e4 c5 2. Be2 Nc6 3. f4 g6 4. Nf3 Bg7 5. c3 d5 6. e5 d4 7. d3 Nh6 8. O-O O-O 9. a3 a5 10. Nbd2 Nf5 11. Ne4 b6 12. g4 Ne3 13. Bxe3 dxe3 14. Qc1 Bxg4 15. Qxe3 h6 16. Kf2 Qd7 17. Rg1 Rad8 18. Rad1 Qc8 19. Rg3 Rd5 20. Rdg1 Rfd8 21. Rxg4 c4 22. Nd4 Nxd4 23. cxd4 cxd3 24. Bxd3 Rxd4 25. Bb1 Rd1 26. Nd6 exd6 27. e6 Rxg1 28. exf7+ Kxf7 29. Bxg6+ Kf8 30. Rxg1 Qc5 31. Rc1 Bd4 32. Rxc5 Bxe3+ 33. Kxe3 dxc5 34. Bd3 Ke7 35. h4 Kf6 36. h5 Rd4 37. b3 a4 38. b4 Rxd3+ 39. Kxd3 cxb4 40. axb4 b5 0-1


[Site "https://www.chess.com"]

[Event "Titled Tuesday Blitz June 20 Late 2023"]
[White "Winkels, Marcel"]
[Black "De Souza, Cristiano Gomes"]
[WhiteFideId "1003887"]
[BlackFideId "2151758"]
[WhiteElo "1900"]
[BlackElo "2068"]
[Result "0-1"]
[Round "7"]
[TimeControl "180+2"]
[Date "2023.06.20"]
[WhiteClock "0:00:00"]
[BlackClock "0:01:09"]
[Board "139"]

1. d4 Nf6 2. Nc3 d6 3. e4 g6 4. Nf3 Bg7 5. Be2 O-O 6. O-O c6 7. Re1 b5 8. a3 Bb7 9. Bf4 a5 10. Qd2 b4 11. axb4 axb4 12. Na2 Nxe4 13. Qe3 c5 14. Bd3 cxd4 15. Nxd4 e5 16. Bxe4 exd4 17. Qg3 Nc6 18. Bxc6 Bxc6 19. Nxb4 Bb7 20. Bxd6 Re8 21. Nd3 Rxa1 22. Rxa1 h5 23. h4 Re2 24. Ne1 Qe8 25. Nf3 Rxc2 26. Ba3 d3 27. Qf4 Bxf3 28. Qxf3 d2 29. Qd1 Qc6 30. Kh2 Rc1 0-1


[Site "https://www.chess.com"]

[Event "Titled Tuesday Blitz June 20 Late 2023"]
[White "White, John S."]
[Black "Palacio,Igor Da Paz"]
[WhiteFideId "2502348"]
[BlackFideId "2121140"]
[WhiteElo "2019"]
[BlackElo "2126"]
[Result "0-1"]
[Round "7"]
[TimeControl "180+2"]
[Date "2023.06.20"]
[WhiteClock "0:00:26"]
[BlackClock "0:00:20"]
[Board "140"]

1. e4 e5 2. Nf3 Nc6 3. Bb5 a6 4. Ba4 Nf6 5. O-O Be7 6. Re1 b5 7. Bb3 d6 8. c3 O-O 9. h3 Bb7 10. d4 exd4 11. cxd4 Na5 12. Bc2 c5 13. Qd3 c4 14. Qe3 Re8 15. Nc3 Nc6 16. Qf4 Bf8 17. Qh4 Be7 18. Bg5 h6 19. Bxf6 Bxf6 20. Qg3 Nb4 21. Rac1 Nxc2 22. Rxc2 b4 23. Nd1 Bxe4 24. Rxc4 d5 25. Rxb4 Bxf3 26. Rxe8+ Qxe8 27. Qxf3 Qe1+ 28. Kh2 Qxb4 29. Qxd5 Rd8 30. Qc6 Qd6+ 31. Qxd6 Rxd6 0-1


[Site "https://www.chess.com"]

[Event "Titled Tuesday Blitz June 20 Late 2023"]
[White "Kopacz, Grzegorz"]
[Black "Sainz Aguirre, Ignacio"]
[WhiteFideId "1109880"]
[BlackFideId "5101727"]
[WhiteElo "2037"]
[BlackElo "1889"]
[Result "0-1"]
[Round "7"]
[TimeControl "180+2"]
[Date "2023.06.20"]
[WhiteClock "0:00:18"]
[BlackClock "0:01:03"]
[Board "141"]

1. d4 d5 2. c4 e6 3. Nc3 a6 4. cxd5 exd5 5. Nf3 Nf6 6. Bg5 Be6 7. e3 Nbd7 8. Bd3 h6 9. Bh4 Bd6 10. O-O g5 11. Bg3 Bxg3 12. fxg3 Qe7 13. Ne5 h5 14. Bf5 O-O-O 15. Rc1 Kb8 16. Nxd7+ Nxd7 17. Qd3 g4 18. Na4 h4 19. Nc5 Nxc5 20. Rxc5 hxg3 21. hxg3 Rh6 22. b4 Rdh8 23. b5 Rh1+ 24. Kf2 Bxf5 25. Qxf5 Rxf1+ 26. Kxf1 Qxe3 27. Qc8+ Kxc8 28. bxa6 Rh1# 0-1


[Site "https://www.chess.com"]

[Event "Titled Tuesday Blitz June 20 Late 2023"]
[White "Burke, Paul"]
[Black "Cueto, Jonny"]
[WhiteFideId "2605767"]
[BlackFideId "3300145"]
[WhiteElo "1910"]
[BlackElo "2240"]
[Result "1-0"]
[Round "7"]
[TimeControl "180+2"]
[Date "2023.06.20"]
[WhiteClock "0:00:17"]
[BlackClock "0:00:05"]
[Board "142"]

1. e4 e6 2. d4 d5 3. e5 c5 4. Qg4 Nc6 5. Nf3 cxd4 6. Bd3 f5 7. Qg3 Bb4+ 8. c3 dxc3 9. bxc3 Bf8 10. O-O Qc7 11. Na3 a6 12. Nc2 h6 13. h4 Qf7 14. Ncd4 Bc5 15. Re1 Nge7 16. Bf4 Bxd4 17. cxd4 Bd7 18. Rab1 b5 19. Rec1 Rc8 20. a4 b4 21. Bxa6 Ra8 22. Bb5 Rc8 23. Rc5 Na7 24. Bxd7+ Kxd7 25. Rxb4 Rxc5 26. dxc5 Nac6 27. Rb7+ Kc8 28. Rb6 Kc7 29. Nd2 Ra8 30. Qb3 Qe8 31. Rb7+ Kc8 32. Qb6 Na5 33. Qc7# 1-0


[Site "https://www.chess.com"]